 Dungeon Sprint DCSS version 0.31-a0-986-g5e6e4ef867 (webtiles) character file.

Game seed: 366276962315114484

2501 fozzywoppz the Unseen (level 9, -32/64 HPs)
             Began as an Octopode Brigand on Nov 16, 2023.
             Was a Priest of Okawaru.
             Killed by an exploding orc (43 damage)
             ... ignited by their inner flame
             ... in the Dungeon (Sprint III: "The Ten Rune Challenge").
             The game lasted 00:04:11 (470 turns).

fozzywoppz the Unseen (Octopode Brigand)             Turns: 470, Time: 00:04:12

Health: -32/64     AC:  1    Str: 10    XL:     9   Next: 53%
Magic:  13/13      EV: 19    Int: 14    God:    Okawaru [***...]
Gold:   12         SH:  0    Dex: 17    Spells: 8/8 levels left

rFire   . . .        a - +2 dagger
rCold   . . .        (no shield)
rNeg    . . .        (helmet restricted)
rPois   .            (no amulet)
rElec   .            (no ring)
rCorr   .            (no ring)
SInv    .            (no ring)
Will    .....        (no ring)
Stlth   +++++++      (no ring)
HPRegen 0.30/turn    (no ring)
MPRegen 0.13/turn    (no ring)
                     (no ring)

%: no teleportation
@: no status effects
A: almost no armour, amphibious, 8 rings, camouflage 1, gelatinous body 1,
(nimble swimmer 1), tentacles
a: Renounce Religion, Heroism


You were in the Dungeon.
You worshipped Okawaru.
Okawaru was most pleased with you.
You visited 1 branch You collected 12 gold pieces.

Inventory:

Hand Weapons
 a - a +2 dagger (weapon)
Missiles
 b - 9 poisoned darts
 c - 3 curare-tipped darts (quivered)
Wands
 e - a wand of iceblast (4)
Scrolls
 i - a scroll of blinking
Potions
 d - 3 potions of curing
 f - a potion of haste
 g - 2 potions of magic
 j - 3 potions of mutation
 m - 2 potions of enlightenment {unknown}


   Skills:
 + Level 7.2 Fighting
 - Level 10.0 Short Blades
 - Level 10.0 Throwing
 - Level 10.0 Dodging
 - Level 15.0 Stealth
 + Level 6.1 Invocations


You had 8 spell levels left.
You didn't know any spells.
Your spell library contained the following spells:

 Spells                   Type           Power      Damage    Failure   Level
 Shock                    Conj/Air       0%         1d3       28%         1
 Inner Flame              Hex/Fire       0%         N/A       65%         3
 Swiftness                Air            0%         N/A       65%         3
 Airstrike                Air            0%         2d(0-16)  96%         4
 Flame Wave               Conj/Fire      0%         2d4       96%         4
 Sticky Flame             Conj/Fire      0%         2d3       96%         4
 Malign Gateway           Summ/Tloc      Unusable   N/A       N/A         7
 Summon Horrible Things   Summ           Unusable   N/A       N/A         8

Dungeon Overview and Level Annotations

Branches:
Dungeon (1/1)

Altars:
Cheibriados
Dithmenos
Elyvilon
Fedhas
Gozag
Hepliaklqana
Kikubaaqudgha
Makhleb
Nemelex Xobeh
Okawaru
Qazlal
Ru
Sif Muna
Trog
Uskayaw
Vehumet
Wu Jian
Xom
Yredelemnul
Zin
The Shining One
Jiyva
Lugonu

Shops:
D (


Innate Abilities, Weirdness & Mutations

You cannot wear most types of armour.
You are amphibious.
You can wear up to eight rings at the same time.
Your skin changes colour to match your surroundings (Stealth+).
Your rubbery body absorbs attacks. (AC +1, EV +1)
((You are camouflaged when in or above water. (Stealth+)))
You have tentacles for arms and can constrict up to eight enemies at once.


Message History

Okawaru accepts your kill.
The orc wizard explodes!
The fiery explosion engulfs the orc warrior!!
Okawaru accepts your kill.
The fiery explosion engulfs the orc!!!
Okawaru accepts your kill.
The fiery explosion engulfs the orc!! x2
Okawaru accepts your kill.
The fiery explosion engulfs the orc sorcerer!
The orc sorcerer is moderately wounded.
The orc explodes!
The fiery explosion engulfs the orc priest!!!
Okawaru accepts your kill.
The fiery explosion engulfs the orc!!!
Okawaru accepts your kill.
The orc explodes!
The fiery explosion engulfs the orc high priest!!
Flame seeps out of the orc high priest.
The orc high priest is heavily wounded.
The orc priest explodes!
The orc explodes! x2
The fiery explosion engulfs the orc sorcerer!!
You kill the orc sorcerer!
Okawaru accepts your kill.
The fiery explosion engulfs the orc sorcerer!
The orc sorcerer resists.
Flame seeps out of the orc sorcerer.
The orc sorcerer is heavily wounded.
The orc warrior explodes!
The fiery explosion engulfs the orc!!
Okawaru accepts your kill.
The orc explodes!
The chaos spawn explodes!
Okawaru accepts your kill.
You feel a bit more experienced.
You hear an explosion!
The fiery explosion engulfs the orc sorcerer!
The orc sorcerer resists.
Flame seeps out of the orc sorcerer.
The orc sorcerer is severely wounded.
The orc explodes!
The fiery explosion engulfs you!!!
Ouch! That really hurt!
You die...

▓▓▓ #.############ #### #
..#___#___#__#####§§§#4§
..#)..#__)#/_#§§§§§§§o3#
..###'#'###'##§§§§§§§oo#
..#..........#§§§○§§o4§#
..'.⌠........#$#@#
..#...######'#§§#§#
..#.⌠.#__#...#§##############
..#...#__#...#§...#)#)#)....#
..#'###__#...##.#.)#.##.###.#
..#)).#__#...'##.#.#.##.#).##
..#___#__'...#...#..#..##.)+
▓▓▓▓▓▓▓▓▓▓▓▓▓▓▓▓▓▓▓▓▓▓▓▓▓▓▓#


You could see a soul eater (summoned), an orc high priest (inner flame), 2 rust
devils, an orc sorcerer (inner flame) and 2 orcs.

Vanquished Creatures
  Erolcha (D)
  An orc sorcerer (D)
  A deep elf pyromancer (D)
  A shadow (D)
  A spatial vortex (D)
  An orc warrior (D)
  5 two-headed ogres (D)
  A necrophage (D)
  A water elemental (D)
  An orc priest (D)
  A jelly (D)
  An arcanist (D)
  A necromancer (D)
  3 orc wizards (D)
  A kobold demonologist (D)
  3 humans (D)
  A phantom (D)
  8 orcs (D)
  An endoplasm (D)
  3 rats (D)
37 creatures vanquished.

Notes
Turn   | Place    | Note
-------+----------+-------------------------------------------
     0 | D        | fozzywoppz the Octopode Brigand began the quest for the
                  | Orb.
     0 | D        | Reached XP level 1. HP: 14/14 MP: 1/1
    70 | D        | Reached skill level 6 in Stealth
    70 | D        | Reached XP level 2. HP: 11/21 MP: 2/2
   118 | D        | Reached XP level 3. HP: 26/26 MP: 3/3
   143 | D        | Noticed a water elemental
   145 | D        | Killed a water elemental
   146 | D        | Reached skill level 7 in Stealth
   146 | D        | Reached XP level 4. HP: 31/31 MP: 4/4
   148 | D        | Found a radiant altar of Vehumet.
   149 | D        | Found a shimmering blue altar of Sif Muna.
   149 | D        | Found an ancient bone altar of Kikubaaqudgha.
   149 | D        | Noticed an arcanist
   152 | D        | Killed an arcanist
   153 | D        | Reached skill level 8 in Stealth
   157 | D        | Reached skill level 5 in Short Blades
   157 | D        | Reached skill level 5 in Throwing
   157 | D        | Reached XP level 5. HP: 34/36 MP: 5/5
   170 | D        | Found a glowing silver altar of Zin.
   170 | D        | Found a glowing golden altar of the Shining One.
   170 | D        | Found a white marble altar of Elyvilon.
   171 | D        | Noticed a deep elf pyromancer
   173 | D        | Killed a deep elf pyromancer
   174 | D        | Reached skill level 11 in Stealth
   174 | D        | Reached XP level 6. HP: 42/42 MP: 6/6
   174 | D        | Reached XP level 7. HP: 46/46 MP: 7/7
   180 | D        | Found a hide-covered altar of Uskayaw.
   180 | D        | Found an iron altar of Okawaru.
   180 | D        | Found a bloodstained altar of Trog.
   180 | D        | Found an ornate altar of the Wu Jian Council.
   180 | D        | Noticed a human
   181 | D        | Noticed a human
   206 | D        | Killed a human
   207 | D        | Reached skill level 12 in Stealth
   213 | D        | Killed a human
   234 | D        | Became a worshipper of Warmaster Okawaru
   287 | D        | Found a basalt altar of Yredelemnul.
   287 | D        | Found a shadowy altar of Dithmenos.
   287 | D        | Found a sacrificial altar of Ru.
   295 | D        | Reached XP level 8. HP: 34/52 MP: 8/8
   388 | D        | Noticed a shadow
   390 | D        | Killed a shadow
   391 | D        | Reached skill level 13 in Stealth
   398 | D        | Found a blossoming altar of Fedhas.
   398 | D        | Found a stormy altar of Qazlal.
   398 | D        | Found a snail-covered altar of Cheibriados.
   398 | D        | Found a burning altar of Makhleb.
   398 | D        | Found a shimmering altar of Xom.
   399 | D        | Reached * piety under Okawaru
   400 | D        | Found a hazy altar of Hepliaklqana.
   400 | D        | Found an opulent altar of Gozag.
   400 | D        | Found a sparkling altar of Nemelex Xobeh.
   400 | D        | Found a corrupted altar of Lugonu.
   400 | D        | Found a viscous altar of Jiyva.
   421 | D        | Reached skill level 1 in Invocations
   430 | D        | Noticed a two-headed ogre
   433 | D        | Killed a two-headed ogre
   434 | D        | Reached skill level 14 in Stealth
   437 | D        | Noticed a two-headed ogre
   437 | D        | Noticed Erolcha
   439 | D        | Killed Erolcha
   439 | D        | Reached ** piety under Okawaru
   439 | D        | Reached *** piety under Okawaru
   440 | D        | Reached skill level 10 in Short Blades
   440 | D        | Reached skill level 10 in Throwing
   440 | D        | Reached skill level 10 in Dodging
   440 | D        | Reached XP level 9. HP: 62/62 MP: 9/12
   440 | D        | Killed a two-headed ogre
   441 | D        | Reached skill level 15 in Stealth
   463 | D        | Noticed an orc high priest
   464 | D        | Found Tonefom's Antique Weapon Shop.
   464 | D        | Noticed an orc sorcerer
   464 | D        | Noticed an orc sorcerer
   468 | D        | Noticed a rust devil
   470 | D        | Killed an orc sorcerer
   470 | D        | Killed by an exploding orc... ignited by their inner flame

Illustrated notes

Levels and vault maps discovered:
D:        dungeon_sprint_mu [sprint_mu_entry_cave, sprint_mu_temple_rooms,
          sprint_mu_d1_spiders, sprint_mu_d2_genie, sprint_mu_d3_branching,
          sprint_mu_orc_legion, sprint_mu_elf_gauntlet, sprint_mu_hive_nellie,
          sprint_mu_lair_fedhas, sprint_mu_vaults_butterflies,
          sprint_mu_slime_circle, sprint_mu_swamp_cave, sprint_mu_shoals_kraken,
          sprint_mu_blade_basic, sprint_mu_crypt_fortress,
          sprint_mu_tomb_spiral, sprint_mu_vestibule_basic,
          sprint_mu_gehenna_hellfire, sprint_mu_dis_giant,
          sprint_mu_tartarus_statrot, sprint_mu_cocytus_islands, sprint_mu_zot1]

Skill      XL: |  1  2  3  4  5  6  7  8  9 |
---------------+----------------------------+-----
Fighting       | 3 6 7 |  7.2
Short Blades   | 3 4 5 7 8 10 | 10.0
Throwing       | 3 4 5 7 8 10 | 10.0
Dodging        | 2 3 4 7 8 10 | 10.0
Stealth        | 6 7 8 11 12 14 15 | 15.0
Invocations    | 4 6 |  6.1

Action                     |  1- 3 |  4- 6 |  7- 9 || total
---------------------------+-------+-------+-------++-------
  Melee: Dagger            |    13 |     8 |    33 ||    54
         Tentacles         |     1 |     3 |     6 ||    10
         Constrict         |     1 |     2 |     7 ||    10
         Punch             |       |       |     1 ||     1
  Throw: Dart              |     4 |       |     3 ||     7
    Use: Scroll            |     2 |       |     2 ||     4
         Potion            |       |       |     2 ||     2
   Stab: Sleeping          |     5 |     1 |     9 ||    15
 Armour: Skin              |     2 |     1 |    16 ||    19
  Dodge: Dodged            |     3 |     6 |    19 ||    28

Table legend: (Time is in decaauts)
 A = Elapsed time spent in this place.
 B = Non-inter-level travel time spent in this place.
 C = Inter-level travel time spent in this place.
 D = Time resting spent in this place.
 E = Time spent auto-exploring this place.
 F = Levels seen in this place.
 G = Mean time per level.
                   A        B        C        D        E       F      G
               +--------+--------+--------+--------+--------+-----+--------+
         Total |    463 |    463 |      0 |    178 |      0 |   1 |  463.0 |
       Dungeon |    463 |    463 |      0 |    178 |      0 |   1 |  463.0 |
               +--------+--------+--------+--------+--------+-----+--------+

Top non-repeatable levels by time:
       D: 463 daAuts
